 Dungeon Crawl Stone Soup version 0.01-2115-ge649c80b0b (webtiles) character file.

Game seed: 844088326894100317, levelgen mode: deterministic

1947 Lanoc the Cleaver (level 9, 0/76 (77) HPs) Hill Orc Demonspawn. Began on June 10, 2020. Slain by an orc warrior ... wielding a +0 war axe (2 damage) ... in a bailey. The game lasted 00:14:39 (3828 turns).

Lanoc the Cleaver (Hill Orc Demonspawn)             Turns: 3828, Time: 00:14:40

HP:   0/76 (77)     AC: 10    Str: 17    XL:     9 ^: 1866
MP:   11/11         EV: 11    Int: 12    God:
Gold: 192           SH:  0    Dex: 13    Spells: 10/11 levels left

rFire    . . .     Vision   .   h - +2 hatchet (curse) {(Curse: *Rage)}
rCold    . . .     Gourm    .   e - +0 hatchet
rNeg     . . .     Faith    .   q - +0 chain mail
rPois    .         Spirit   .   (helmet restricted)
rElec    .         Reflect  .   (no cloak)
rCorr    .         Harm     .   (no gloves)
MR       .....     Rnd*Rage +   (no boots)
Stlth    ..........             (no amulet)
HPRegen  0.35/turn              (no ring)
MPRegen  0.21/turn              (no ring)

@: no status effects
A: antennae 2, rugged brown scales 1, demonic guardian 1, nightstalker 1
a: no special abilities


You were in a bailey.
You were not hungry.

You visited 1 branch of the dungeon, and saw 4 of its levels.
You also visited: Bailey.

You collected 192 gold pieces.

Inventory:

Weapons
 e - a +0 hatchet (weapon)
 h - a cursed +2 hatchet (weapon) {(Curse: *Rage)}
 p - a cursed +4 war axe {(Curse: Dex-3)}
Armour
 q - a +0 chain mail (worn)
Wands
 c - a wand of polymorph (11)
Scrolls
 g - a scroll of immolation
 i - 3 scrolls of fog
Potions
 f - a potion of resistance
 j - a potion of brilliance
 l - 2 potions of mutation
 m - a potion of curing
Comestibles
 d - 8 rations
 o - 9 chunks of flesh


   Skills:
 + Level 6.1 Fighting
 * Level 9.2 Axes & Hammers
 + Level 5.1 Armour
 + Level 4.6 Dodging
 - Level 1.5 Stealth
 - Level 1.5 Spellcasting
   Level 3.6 Invocations


You had 10 spell levels left.
You knew the following spells:

 Your Spells              Type           Power        Failure   Level  Hunger
a - Flame Tongue          Fire           0 (40)       71%         1    ##.....

Your spell library contained the following spells:

 Spells                   Type           Power        Failure   Level  Hunger
 Blink                    Tloc           N/A          83%         2    ###....
 Call Imp                 Summ           0 (100)      83%         2    ###....
 Slow                     Hex            0 (100)      83%         2    ###....
 Conjure Flame            Fire           0 (100)      97%         3    ####...
 Mephitic Cloud           Pois/Air       0 (100)      97%         3    ####...


Dungeon Overview and Level Annotations

Branches:
Dungeon (4/8)              Bailey (1/1)
 Temple: D:4

Altars:
Nemelex Xobeh
Uskayaw
Vehumet


Innate Abilities, Weirdness & Mutations

You have a pair of antennae on your head.
You are partially covered in rugged brown scales. (AC +1, +3% HP)
A weak demonic guardian rushes to your aid.
You are slightly more attuned to the shadows.


Message History

There is a gate leading back out of this place here.
The orc warrior hits your ufetubus with a cursed +0 halberd {(Curse: MR- Int-3)} (9)!
Your ufetubus dies!
Your iron imp barely misses the orc warrior (0).
The orc warrior hits your iron imp with a +0 halberd (9)!
Your iron imp barely misses the orc warrior (0).
The orc hits your iron imp with a cursed +0 war axe {(Curse: Str-5)} (6).
There is an empty arch of ancient stone here.
The orc warrior hits your iron imp with a +0 halberd (18)!!
Your iron imp dies!
The orc warrior barely misses you (0).
The orc warrior hits you with a cursed +0 halberd {(Curse: MR- Int-3)} (23)!!
* * * LOW HITPOINT WARNING * * *
Items here: )) ÷÷÷ a +0 spear; a +0 war axe; an orc skeleton x3
The orc warrior hits you but does no damage.
Your shadow imp hits the orc warrior (2).
There is a gate leading back out of this place here.
The orc warrior hits you with a +0 war axe (2).
You die...

############ ##
##.....§5.@5##
o######....§§§o.o).#
o#..o.#....§§§oooo.#
o'.o.o'.oo{§§o§oo)∩#
.#..5o#5...§§§§§)..#
.######....§§§§....#
## ##...§§§§§∩.##
############


You could see 3 orc warriors, 6 orcs, a friendly iron imp and a friendly shadow
imp (invisible).

Vanquished Creatures
  Sigmund (D:3)
  Eustachio (D:2)
  Menkaure (D:3)
  A guardian mummy (D:3)
  A porcupine (D:3)
  3 slaves (D:3)
  A crocodile (D:2)
  A bullfrog (D:2)
  3 scorpions
  6 jellies
  2 hounds (D:3)
  2 orc wizards (D:3)
  A bullfrog skeleton (D:3)
  2 shadow imps (D:3)
  5 adders
  18 sewer rats
  4 worms
  A cinder newt (D:1)
  A worker ant zombie (D:3)
  2 oozes
  6 leopard geckos
  24 orcs
  2 adder skeletons
  4 giant cockroaches
  5 goblins (D:1)
  A hobgoblin (D:1)
  3 jackals (D:3)
  A ball python skeleton (D:2)
  2 bats (D:2)
  A bat skeleton (D:2)
  A goblin skeleton (D:2)
  7 kobolds
  A leopard gecko zombie (D:3)
  A quokka skeleton (D:3)
  A quokka zombie (D:3)
  A rat (D:1)
  A rat skeleton (D:2)
119 creatures vanquished.

Vanquished Creatures (collateral kills)
  Pikel (D:3)
  Grinder (D:3)
  A slave (D:3)
  A big kobold (D:2)
  An orc wizard (D:3)
  A bullfrog skeleton (D:3)
  7 orcs
  A giant cockroach (D:3)
14 creatures vanquished.

Vanquished Creatures (others)
  An adder (D:2)
1 creature vanquished.

Grand Total: 134 creatures vanquished

Notes
Turn   | Place    | Note
-------+----------+-------------------------------------------
     0 | D:1      | Lanoc the Hill Orc Demonspawn began the quest for the Orb.
     0 | D:1      | Reached XP level 1. HP: 18/18 MP: 3/3
    69 | D:1      | Reached skill level 3 in Axes & Hammers
    69 | D:1      | Gained mutation: You are partially covered in rugged brown
                  | scales. (AC +1, +3% HP) [demonic ancestry]
    69 | D:1      | Reached XP level 2. HP: 11/25 MP: 4/4
   392 | D:1      | Gained mutation: You have a pair of small antennae on your
                  | head. [demonic ancestry]
   392 | D:1      | Reached XP level 3. HP: 26/30 MP: 5/5
  1199 | D:2      | Reached skill level 1 in Armour
  1199 | D:2      | Gained mutation: You are slightly more attuned to the
                  | shadows. [demonic ancestry]
  1199 | D:2      | Reached XP level 4. HP: 24/39 MP: 2/6
  1272 | D:2      | Reached skill level 4 in Axes & Hammers
  1306 | D:2      | Noticed a crocodile
  1339 | D:2      | Reached XP level 5. HP: 19/46 MP: 2/7
  1443 | D:2      | Reached skill level 5 in Axes & Hammers
  1506 | D:2      | Gained mutation: A weak demonic guardian rushes to your
                  | aid. [demonic ancestry]
  1506 | D:2      | Reached XP level 6. HP: 53/53 MP: 6/8
  1592 | D:2      | Gained mutation: You have a pair of antennae on your head.
                  | [demonic ancestry]
  1592 | D:2      | Reached XP level 7. HP: 23/60 MP: 5/9
  1605 | D:2      | Noticed Eustachio
  1767 | D:3      | Reached skill level 6 in Axes & Hammers
  1811 | D:3      | Found a radiant altar of Vehumet.
  1933 | D:3      | Noticed Grinder
  1948 | D:3      | Killed Grinder
  1982 | D:3      | HP: 2/61 [something (3)]
  2243 | D:3      | Reached skill level 7 in Axes & Hammers
  2289 | D:3      | Reached XP level 8. HP: 67/68 MP: 10/10
  2386 | D:3      | Noticed Menkaure
  2395 | D:3      | Killed Menkaure
  2395 | D:3      | Reached skill level 5 in Fighting
  2493 | D:3      | Noticed Pikel
  2578 | D:3      | Killed Pikel
  2578 | D:3      | Reached skill level 8 in Axes & Hammers
  2768 | D:3      | Noticed Sigmund
  2866 | D:2      | Killed Eustachio
  3190 | D:3      | Killed Sigmund
  3190 | D:3      | Reached XP level 9. HP: 63/76 MP: 11/11
  3303 | D:3      | Reached skill level 9 in Axes & Hammers
  3383 | D:3      | Found a hide-covered altar of Uskayaw.
  3383 | D:3      | Found a sparkling altar of Nemelex Xobeh.
  3409 | D:3      | Reached skill level 5 in Armour
  3527 | D:4      | Noticed a white ugly thing
  3589 | D:4      | Found a flagged portal.
  3609 | Bailey   | Entered a bailey
  3826 | Bailey   | HP: 1/76 [orc warrior/cursed +0 halberd {(Curse: MR-
                  | Int-3)} (23)]
  3828 | Bailey   | Slain by an orc warrior

Levels and vault maps discovered:
D:1:      sevenhm_arrival_forest_fort_large_4, layout_basic
D:2:      layout_sewer, first_ration, uniq_eustachio
D:3:      layout_rooms, gammafunk_temple_overflow_wave, basic_altar,
          enter_ossuary_1, uniq_pikel, uniq_menkaure, uniq_sigmund, uniq_grinder
D:4:      layout_loops_ring, minmay_temple_entry_statues_pillars, basic_altar,
          enter_bailey_2, uniq_erica
Bailey:   bailey_polearm_5, bailey

Skill      XL: |  1  2  3  4  5  6  7  8  9 |
---------------+----------------------------+-----
Axes & Hammers | 3 4 5 7 8 9 |  9.2
Fighting       | 3 4 5 6 |  6.1
Armour         | 1 2 3 4 5 |  5.1
Dodging        | 3 4 |  4.6
Stealth        | |  1.5
Spellcasting   | |  1.5
Invocations    | |  3.6

Action                   |  1- 3 |  4- 6 |  7- 9 || total
-------------------------+-------+-------+-------++-------
Melee: War axe           |    20 |       |       ||    20
       Unarmed           |     9 |       |       ||     9
       Hatchet           |    31 |    55 |   531 ||   617
 Cast: Flame Tongue      |     1 |    25 |    16 ||    42
  Use: Potion            |       |       |     3 ||     3
       Scroll            |       |       |     3 ||     3
 Stab: Sleeping          |     2 |     1 |     3 ||     6
       Distracted        |       |       |     2 ||     2
  Eat: Chunk             |       |     4 |     9 ||    13
Armor: Leather armour    |     7 |    13 |    14 ||    34
       Ring mail         |       |       |    40 ||    40
       Skin              |       |       |     4 ||     4
       Chain mail        |       |       |     2 ||     2
Dodge: Dodged            |    27 |    52 |   233 ||   312
